Cogmind - Beta 16 @@@ ROGUE MODE // 2025.10.28 @ 19:54:32 Player: Maddymakesgames Result: Destroyed by Y-45 Defender with Beam Rifle Performance ------------- Evolutions (1) 500 Regions Visited (3) 600 Robots Destroyed (16) 80 Value Destroyed (528) 528 Prototype IDs (0) 0 Alien Tech Used (0) 0 Bonus (0) 0 TOTAL SCORE: 1708 Bonus ------- None Cogmind --------- Core Integrity 0/400 Matter 300/300 Energy 100/100 System Corruption 0% Temperature Cool (9) Movement Core (100) Ox1 Location -9/Materials Parts ------- > --- POWER (2) -------- (None) > --- PROPULSION (2) --- (None) > --- UTILITY (2) ------ Heat Sink Hardened Light Armor Plating > --- WEAPON (3) ------- (None) > --- INVENTORY (5) ---- Light Treads Aluminum Leg Aluminum Leg Heat Sink Medium Matter Pod (100) Peak State ------------ > --- POWER ------------ Light Ion Engine Light Nuclear Core > --- PROPULSION ------- Light Treads Light Treads > --- UTILITY ---------- Propulsion Shielding Light Armor Plating > --- WEAPON ----------- Small Laser Light Assault Rifle Heavy Assault Rifle > --- INVENTORY -------- Light Treads Medium Matter Pod [Rating: 12] Favorites ----------- Power Ion Engine Engine Ion Engine Power Core Light Nuclear Core Propulsion Light Treads Treads Light Treads Leg Aluminum Leg Utility Propulsion Shielding Device Heat Sink Storage Medium Matter Pod Protection Propulsion Shielding Weapon Assault Rifle Energy Gun Small Laser Ballistic Gun Assault Rifle Build | -11 -10 -10 -9 ------- Run | Yrd Mat Min Mat Slots Evolved 2 | . . . 2 Power 1 | . . . 1 Propulsion . | . . . . Utility . | . . . . Weapon 1 | . . . 1 Parts Attached 26 | 5 2 5 14 Power 6 | 1 . 1 4 Engine 5 | 1 . . 4 Core 1 | . . 1 . Reactor . | . . . . Propulsion 6 | 2 . 1 3 Treads 3 | 2 . 1 . Leg 3 | . . . 3 Wheel . | . . . . Hover . | . . . . Flight . | . . . . Utility 8 | . 2 2 4 Device 3 | . . . 3 Storage 2 | . 2 . . Processor . | . . . . Hackware . | . . . . Protection 3 | . . 2 1 Artifact . | . . . . Weapon 6 | 2 . 1 3 Energy Gun 3 | 1 . 1 1 Energy Cannon . | . . . . Ballistic Gun 3 | 1 . . 2 Ballistic Cannon . | . . . . Launcher . | . . . . Special Weapon . | . . . . Impact Weapon . | . . . . Slashing Weapon . | . . . . Piercing Weapon . | . . . . Special Melee Weapon . | . . . . Unidentified Prototypes . | . . . . Parts Lost 20 | . . 4 16 Power 6 | . . 1 5 Propulsion 4 | . . . 4 Utility 4 | . . 1 3 Weapon 6 | . . 2 4 Highest Loss Streak 8 | . . 2 8 To Critical Strikes . | . . . . Average Backups 3 | 1 2 4 3 Power . | . 1 1 . Propulsion 1 | . . . 2 Utility . | . . . 1 Weapon . | . 1 2 . Tool/Special . | . . . . Unused Backups 2 | . . 1 1 Power . | . . . . Propulsion 1 | . . . 1 Utility . | . . . . Weapon 1 | . . 1 . Tool/Special . | . . . . Average Slot Usage (%) 82 | . 73 98 73 Engine 10 | . 14 3 14 Core 5 | . . 11 2 Treads 17 | . 28 28 5 Leg 5 | . . . 11 Device 6 | . . . 13 Storage 3 | . 2 9 . Protection 9 | . . 17 6 Energy Gun 10 | . 14 13 7 Ballistic Gun 12 | . 14 14 11 Peak Build Rating 12 | 5 7 9 12 Average Rating 7 | 4 5 8 8 On Entrance 5 | . 5 7 8 Avg Prop Armor Cover (%) . | . . . . Naked Turns . | . . . . Heaviest Build 17 | 9 13 13 17 Greatest Support 40 | 40 40 40 40 Greatest Overweight (x) 4 | 1 . . 4 Average Overweight (x) . | . . . . Largest Inventory Capacity 5 | 5 5 5 5 Average Capacity 5 | 5 5 5 5 Most Carried 5 | 2 2 5 5 Average Carried 3 | 1 2 4 3 Final Capacity 5 | 5 5 5 5 Final Carried 5 | 2 2 5 5 Class Distribution -------------------- 44% | Scavenger-Mutant 44% | Mutant 9% | Scavenger-Tank Dominant Class ---------------- Mutant | -10/Materials Scavenger-Mutant | -10/Mines Scavenger-Mutant | -9/Materials Resources | -11 -10 -10 -9 ----------- Run | Yrd Mat Min Mat Matter Collected 735 | 194 47 340 154 Remotely . | . . . . Salvage Created 609 | . 47 226 336 Parts 44 | . 4 16 24 Haulers Intercepted . | . . . . Recyclers Shooed . | . . . . Parts Field Recycled . | . . . . Retrieved Matter . | . . . . Parts Self-Destructed . | . . . . Prevented . | . . . . Parts Restored . | . . . . Kills | -11 -10 -10 -9 ------- Run | Yrd Mat Min Mat Combat Hostiles Destroyed 15 | . 3 5 7 Guns 15 | . 3 5 7 Classes Destroyed 5 | . 1 3 1 Worker 1 | . . . 1 Swarmer 3 | . 3 . . Grunt 7 | . . 2 5 Sentry 4 | . . 2 2 Demolisher 1 | . . 1 . Best Kill Streak 3 | . 3 2 2 Combat Bots Only 3 | . 3 2 2 Max Kills in Single Turn 2 | . 2 1 1 Gunslinging . | . . . . Exploded . | . . . . Melee . | . . . . Uniques/NPCs Destroyed . | . . . . Combat | -11 -10 -10 -9 -------- Run | Yrd Mat Min Mat Hostile Shots Fired 254 | . 14 45 195 Missed 79 | . 4 13 62 Hits 175 | . 10 32 133 Projectile 175 | . 10 32 133 AOE 5 | . . 5 . Critical Strikes 2 | . . . 2 Damage Taken 2281 | . 115 504 1662 Core 496 | . 8 75 413 Absorbed by Shields . | . . . . Redirected to Shielding 50 | . . 36 14 Core Remaining (%) 83 | 100 . 66 . Volleys Fired 51 | . 3 13 35 Largest 3 | . 2 2 3 Hottest 83 | . 60 60 83 Shots Fired 99 | . 6 24 69 Gun 99 | . 6 24 69 Cannon . | . . . . Launcher . | . . . . Special . | . . . . Kinetic 61 | . 3 13 45 Thermal 24 | . . . 24 Explosive . | . . . . Electromagnetic 14 | . 3 11 . Robot Hit Streak 12 | . 2 5 12 Robot Miss Streak 3 | . 3 2 3 Penetration Max . | . . . . Secondary Targets 3 | . . 1 2 Max Gunslinging Chain 1 | . . 1 1 Shots Hit Robots 64 | . 2 17 45 Core Hits 35 | . 3 9 23 Critical Kills 1 | . . 1 . Critical Parts Destroyed . | . . . . Critical Strikes 1 | . . 1 . Destroy 1 | . . 1 . Melee Attacks . | . . . . Impact . | . . . . Slashing . | . . . . Piercing . | . . . . Sneak Attacks . | . . . . Combat Hostiles . | . . . . Follow-up Attacks . | . . . . Damage Inflicted 792 | . 31 222 539 Guns 780 | . 31 222 527 Cannons . | . . . . Explosions . | . . . . Melee . | . . . . Ramming 12 | . . . 12 Kinetic 457 | . 11 129 317 Thermal 210 | . . . 210 Explosive . | . . . . Electromagnetic 113 | . 20 93 . Impact . | . . . . Slashing . | . . . . Piercing . | . . . . Highest Corruption . | . . . . Average Corruption . | . . . . Corruption Purged . | . . . . Corruption Blocked . | . . . . Overload Shots . | . . . . Overflow Damage . | . . . . Projectiles . | . . . . Explosions . | . . . . Melee . | . . . . Knockbacks . | . . . . Impact . | . . . . Kinetic . | . . . . Secondary . | . . . . Self-Inflicted Damage 4 | . . . 4 Shots . | . . . . Rammed 7 | . . . 7 Targets Rammed 7 | . . . 7 Kicked . | . . . . Crushed . | . . . . Highest Temperature 254 | . . 45 254 Average Temperature 76 | . . 20 113 Received Heat Transfer 876 | . . 126 750 Effects 1 | . . . 1 Interference 1 | . . . 1 Siege Activations . | . . . . Martial Activations . | . . . . Shielding Activations . | . . . . Robots Disrupted . | . . . . Combat Hostiles . | . . . . Robots Corrupted . | . . . . Combat Hostiles . | . . . . Parts Fried . | . . . . Impact Corruptions . | . . . . Robots Melted . | . . . . Combat Hostiles . | . . . . Parts Melted . | . . . . Heat Transferred 475 | . . . 475 Parts Sabotaged . | . . . . Parts Stolen . | . . . . Parts Stripped . | . . . . Power Chain Reactions . | . . . . Alert | -11 -10 -10 -9 ------- Run | Yrd Mat Min Mat Maximum Alert Level . | . . . . Low Security (%) 100 | 100 100 100 100 Level 1 . | . . . . Level 2 . | . . . . Level 3 . | . . . . Level 4 . | . . . . Level 5 . | . . . . High Security . | . . . . Max Security . | . . . . Peak Influence 85 | . 85 50 50 Initial . | . . . . Average 11 | . 32 8 9 Influence Increases 429 | . 85 120 224 Destroy 0b10 Robot/C 300 | . 60 100 140 Destroy 0b10 Robot/NC 5 | . . . 5 Destroy Leader 60 | . 10 20 30 Successful Hack 4 | . . . 4 Lose Combat Pursuer 60 | . 15 . 45 Influence Decreases 407 | . 85 120 202 Time Decay 351 | . 85 120 146 Lost Part 32 | . . . 32 Purge Threat 24 | . . . 24 Squads Dispatched 3 | . 1 . 2 Investigation . | . . . . Extermination . | . . . . Reinforcement 3 | . 1 . 2 Assault . | . . . . Garrison . | . . . . Intercept . | . . . . Searches Triggered . | . . . . Construction Impeded . | . . . . Haulers Reinforced . | . . . . Active Scanning Responses . | . . . . Cargo Convoy Interrupts . | . . . . Stealth | -11 -10 -10 -9 --------- Run | Yrd Mat Min Mat Distress Signals 2 | . . . 2 Communications Jammed . | . . . . Distress Signals . | . . . . Times Spotted 35 | . 4 9 22 Peak Tracking Total 6 | . 3 5 6 Tactical Retreats 3 | . 1 . 2 Traps | -11 -10 -10 -9 ------- Run | Yrd Mat Min Mat Traps Triggered 1 | . 1 . . Indirectly . | . . . . Trap Hack Attempts . | . . . . Triggered . | . . . . Disarmed . | . . . . Reprogrammed . | . . . . Reused . | . . . . Traps Extracted . | . . . . Installed . | . . . . Triggered . | . . . . Machines | -11 -10 -10 -9 ---------- Run | Yrd Mat Min Mat Machines Disabled 1 | . . 1 . Max in Single Turn 1 | . . 1 . Machines Repaired . | . . . . Machines Dismantled . | . . . . Machines Sabotaged . | . . . . Overloaded Fab Kills . | . . . . Hacking | -11 -10 -10 -9 --------- Run | Yrd Mat Min Mat Machines Accessed 4 | . . . 4 Terminals 4 | . . . 4 Fabricators . | . . . . Repair Stations . | . . . . Recycling Units . | . . . . Scanalyzers . | . . . . Garrison Access . | . . . . Total Hacks 6 | . . . 6 Successful 4 | . . . 4 Failed 2 | . . . 2 Catastrophic 1 | . . . 1 Database Lockouts . | . . . . Manual 4 | . . . 4 Terminals 6 | . . . 6 Fabricators . | . . . . Repair Stations . | . . . . Recycling Units . | . . . . Scanalyzers . | . . . . Garrison Access . | . . . . Terminal Hacks 4 | . . . 4 Alert Level 1 | . . . 1 Unreport Threat 1 | . . . 1 Locate Traps 1 | . . . 1 Recall Reinforcements 1 | . . . 1 Fabricator Hacks . | . . . . Repair Station Hacks . | . . . . Recycling Unit Hacks . | . . . . Scanalyzer . | . . . . Garrison Access Hacks . | . . . . Unauthorized Hacks . | . . . . Terminals . | . . . . Fabricators . | . . . . Repair Stations . | . . . . Recycling Units . | . . . . Scanalyzers . | . . . . Garrison Access . | . . . . Data Cores Recovered . | . . . . Used . | . . . . Hacking Detections 2 | . . . 2 Full Trace Events . | . . . . Feedback Events . | . . . . Feedback Blocked . | . . . . Robot Schematics Acquired . | . . . . Robots Built . | . . . . Authchips . | . . . . Time . | . . . . Total Robot Build Rating . | . . . . Part Schematics Acquired . | . . . . Parts Built . | . . . . Authchips . | . . . . Time . | . . . . Total Part Build Rating . | . . . . Part Studies Acquired . | . . . . Parts Repaired . | . . . . Time . | . . . . Parts Recycled . | . . . . Recycled Matter . | . . . . Retrieved Matter . | . . . . Retrieved Components . | . . . . Parts Scanalyzed . | . . . . Part Schematics Acquired . | . . . . Parts Damaged . | . . . . Bothacking | -11 -10 -10 -9 ------------ Run | Yrd Mat Min Mat Used RIF Installer . | . . . . Robots Hacked . | . . . . Non-combat . | . . . . Combat . | . . . . Robot Hacks Applied . | . . . . Relay Couplers Released . | . . . . Fabnet Peak Effective % . | . . . . Robots Rewired . | . . . . Allies Hacked . | . . . . Hacks Repelled . | . . . . Allies | -11 -10 -10 -9 -------- Run | Yrd Mat Min Mat Total Allies . | . . . . Largest Group . | . . . . Highest-Rated Group . | . . . . Highest-Rated Ally . | . . . . Total Orders . | . . . . Ally Attacks . | . . . . Total Damage . | . . . . Kills . | . . . . Allies Corrupted . | . . . . Allies Melted . | . . . . Intel | -11 -10 -10 -9 ------- Run | Yrd Mat Min Mat Active Infowar (turns) . | . . . . Robot Analysis Total . | . . . . Derelict Logs Recovered 1 | . . 1 . Drone Launches . | . . . . Drone Recoveries . | . . . . Exploration | -11 -10 -10 -9 ------------- Run | Yrd Mat Min Mat Turns Passed 1624 | 117 228 553 726 Spaces Moved 949 | 73 136 314 426 Core 87 | 8 . . 79 Treads 609 | 65 136 314 94 Legs 253 | . . . 253 Wheels . | . . . . Hover . | . . . . Flight . | . . . . Fastest Speed 50 | 50 160 160 50 Average Speed 145 | 149 160 160 128 Slowest Speed 250 | 160 160 160 250 Overloaded Moves . | . . . . Propulsion Burnouts . | . . . . Robots Hopped . | . . . . Potential Cave-ins . | . . . . Cave-ins Triggered . | . . . . Exploration Rate (%) 26 | 6 16 47 37 Regions Visited 3 Branch Regions 1 Pre-discovered Areas . | . . . . Known Exits Taken . | . . . . Unknown Exits Taken 3 | 1 1 1 . Scrap Searched . | . . . . Spaces Dug . | . . . . Terrain Destroyed . | . . . . Melee . | . . . . Projectile . | . . . . AOE . | . . . . Terrain Rammed . | . . . . Walls Destroyed . | . . . . Machines Disabled . | . . . . Actions | -11 -10 -10 -9 --------- Run | Yrd Mat Min Mat Total 1101 | 79 140 340 542 Wait 59 | . . . 59 Move 946 | 72 135 313 426 Hop . | . . . . Pick Up 8 | 2 . 5 1 Fast Attach 19 | 5 2 3 9 Attach 5 | . . 2 3 Detach 1 | . . 1 . Swap 3 | . . 1 2 Drop 2 | . . 2 . Fire 51 | . 3 13 35 Melee . | . . . . Ram 7 | . . . 7 Kick . | . . . . Crush . | . . . . Escape Stasis . | . . . . Rewire . | . . . . Trap . | . . . . Miscellaneous . | . . . . Route ------- -11/Scrapyard -10/Materials -10/Mines -9/Materials (discovered 1 exit: Mat) History --------- Turn | Location | Event 4 | -11/Scrapyard | Discovered new exit (range 15) 118 | -11/Scrapyard | Entered Materials 299 | -10/Materials | Discovered new exit (range 12) 309 | -10/Materials | Build established: Mutant 346 | -10/Materials | Entered Mines 446 | -10/Mines | Assembled infested the area 779 | -10/Mines | Discovered new exit (range 7) 782 | -10/Mines | Learned 4 Materials zone layouts 899 | -10/Mines | Entered Materials 899 | -9/Materials | Evolved 2 slots: Power x1, Weapon x1 900 | -9/Materials | Identified exit to Materials 903 | -9/Materials | Build established: Scavenger-Mutant 1135 | -9/Materials | Lost 8 parts (2p2n2u2w) 1540 | -9/Materials | Core integrity fell below 50% 1583 | -9/Materials | Lost 4 parts (2p1n1u) 1603 | -9/Materials | Core integrity fell below 20% 1625 | -9/Materials | Destroyed by Y-45 Defender with Beam Rifle Last Messages --------------- Imp. Ion Engine destroyed. Acquired Hrd. Light Armor Plating. Slammed into G-34 Mercenary. Destabilizing: System interference. Heat Sink temporarily disabled. Slammed into G-34 Mercenary. W-16 Scout sends out distress signal. K-01 Serf destroyed. K-01 Serf collects debris. Connecting with Terminal... >>Recall(Reinforcements) Establishing remote squad link... Recalled reinforcement squad 45166OOX2Y. Slammed into G-34 Mercenary. Slammed into Y-45 Defender. Atomic Centrifuge disabled. Slammed into G-34 Mercenary. Slammed into Y-45 Defender. Critical hit (Burn: +37). Slammed into Y-45 Defender. Map ----- +----------------------------------------------------+ | | | | | | | | | | | | | | | | | | | | | | | | | | | | | | | | | ????????????????????###########??????????????????? | | ????????????????????# """ #??????????????????? | | ########????????????# "T" #??????????????????? | | # #????????????# #??????????????????? | | # T #????????????# % #??????????????????? | | # #????????????# Yg #??????????????????? | | / #????????????# "" g""" #??????????????????? | | # #????????????# """%""" #??????????????????? | | # #????????????# """Y""" #??????????????????? | | #/######????????#########@#########??????????????? | | #??# #??####### # Y + = #??????????????? | | #??# #??# # # # #??????????????? | | ######### # # # """ #??????????????? | | ## + / k + """ #??????????????? | | ## # # #k # """ #??????????????? | | ## """ # # # # #??????????????? | | ## """ ## ######### ########??????????????? | | ## """ ## #??###### =#?????????????????????? | | ## ## #??# # %#?????????????????????? | | #####/#### #??# # *#?????????????????????? | | #?# ## #??# # #?????????????????????? | | ### #### # #?????????????????????? | | + # #?????????????????????? | | ##### ######### #?????????????????????? | | ????# ##+#########? ?????????????????????? | | ????### ### ## | | ??????# #?# ! """ ## | | ??????# #?# ! """ ## | | ??????# #?# """ ## ###+###########+###### | | ??????# #?# ######### #????# # | | ??????+ #?############???????# #????# ## | | ??????# #???? #?????????# #????# #? | | ??????? ?????"" #?????????# #????# #? | | ??????? ?????"" #?????????# #????# """ #? | +----------------------------------------------------+ Best States ------------- Heat Dissipation 52 Energy Generation 19 Energy Capacity 415 Matter Stores 449 Matter Capacity 500 Sight Range 16 Terrain Scan Density 10 Armor Coverage 150 Propulsion Shielding 33 Evasion (%) 55 Recoil Reduction 2 Item Schematics ----------------- None Robot Schematics ------------------ None Fabricated ------------ Nothing Repaired ---------- Nothing Studied --------- None Alien Tech Used ----------------- None Achievements -------------- None Challenges ------------ None Game ------ Seed NeutrinoIonChip Manual? 0 Play Time 00:17:18 Cumulative 5.4 hours Start 2025.10.28 @ 19:42:18 End 2025.10.28 @ 19:54:32 Sessions 1 Manual Loads 0 Difficulty Rogue Special Mode None Game No. 14 Rogue 14 Adventurer 0 Explorer 0 Win Type - Total 0 Types 0/0/0/0/0/0/0/0/0/0 Lore% 2 Gallery% 8 Achievement% 6 Wizard Run 0 Options --------- Layout 1 ASCII 0 Keyboard 1 Movement Arrows Keybinds 0 Fullscreen 1 Font 28/SmallcapsGlow Map View 50x43 Zoom Use 0% Tactical HUD 0 Map Filters NONE Filters NONE Steam 1 RUN: 3fa945aa-63e7-452e-b69e-2bf00ed64f8c